 Dungeon Crawl Stone Soup version 0.29.1-13-g9f3cf754e1 (webtiles) character file.

Game seed: 4534563658276537100

23 croobank the Sneak (level 3, -2/26 HPs)
             Began as an Octopode Delver on Feb 11, 2023.
             Succumbed to an orc wizard's poison
             ... on level 4 of the Dungeon.
             The game lasted 00:02:57 (435 turns).

croobank the Sneak (Octopode Delver)                 Turns: 435, Time: 00:02:57

Health: -2/26      AC:  1    Str: 13    XL:     3   Next: 0%
Magic:  3/3        EV: 13    Int: 12    God:
Gold:   78         SH:  0    Dex: 13    Spells: 2/2 levels left

rFire   + . .      SeeInvis .   a - +0 hand axe
rCold   + . .      Faith    .   (no shield)
rNeg    . . .      Spirit   .   (helmet restricted)
rPois   +          Reflect  .   d - amulet of the acrobat
rElec   +          Harm     .   (no ring)
rCorr   +          Rampage  .   (no ring)
Will    .....                   (no ring)
Stlth   ++++......              (no ring)
HPRegen 0.08/turn               (no ring)
MPRegen 0.08/turn               (no ring)
                                (no ring)
                                (no ring)

@: lethally poisoned (-2 -> -13), resistant
A: almost no armour, amphibious, 8 rings, camouflage 1, gelatinous body 1,
(nimble swimmer 1), tentacles
a: no special abilities


You were on level 4 of the Dungeon.
You visited 1 branch of the dungeon, and saw 4 of its levels.

You collected 78 gold pieces.

Inventory:

Hand Weapons
 a - a +0 hand axe (weapon)
Missiles
 g - 7 atropa-tipped darts (quivered)
Jewellery
 d - an amulet of the acrobat (around mantle)
Wands
 f - a wand of digging (3)
 k - a wand of flame (13)
Scrolls
 b - 2 scrolls of fog
 h - 2 scrolls of identify
Potions
 e - a potion of haste


   Skills:
 + Level 3.3 Fighting
 + Level 2.3 Axes
 + Level 2.3 Dodging
 + Level 6.9 Stealth


You had 2 spell levels left.
You didn't know any spells.
Your spell library was empty.

Dungeon Overview and Level Annotations

Branches:
Dungeon (7/15)
 Temple: D:4-7

Altars:


Innate Abilities, Weirdness & Mutations

You cannot wear most types of armour.
You are amphibious.
You can wear up to eight rings at the same time.
Your skin changes colour to match your surroundings (Stealth+).
Your rubbery body absorbs attacks. (AC +1, EV +1)
((You are camouflaged when in or above water. (Stealth+)))
You have tentacles for arms and can constrict up to eight enemies at once.


Message History

You bump into the rock wall.
You feel sick.
The orc is no longer blind.
The orc closely misses you.
You bump into the metal wall.
You feel sick. The orc closely misses you.
A worm comes into view.
You feel sick.
You feel sick.
You feel less invigorated.
You feel less confused.
You feel sick. The orc completely misses you. Something hits you.
The orc wizard casts a spell at you.
You feel sick. The orc barely misses you.
The orc wizard mumbles some strange words.
The orc wizard flickers and vanishes!
You hit the orc but do no damage. You grab the orc. You squeeze the orc.
The orc is moderately wounded.
You constrict the orc.
You feel sick.
You are no longer poisoned.
The orc struggles to escape constriction.
The orc hits you with a +0 dagger.
You closely miss something. You hit the orc.
You kill the orc!
Something hits you.
You have reached level 3!
Your experience leads to an increase in your attributes!
Increase (S)trength, (I)ntelligence, or (D)exterity?
You feel stronger. x2
You barely miss something. You closely miss something. Something hits you.
* * * LOW HITPOINT WARNING * * *
You are lethally poisoned!
Okay, then.
As you read the scroll labelled ROSTRA ARHETEI, it crumbles to dust.
It is a scroll of identify.
You don't have any unidentified items.
* * * LOW HITPOINT WARNING * * *
You feel very sick. Something hits you.
* * * LOW HITPOINT WARNING * * *
You barely miss something.
You die...

,,#≈#*~#...# *,,,,***,**,,,* *
**#≈~~~#..########..*,,**,,,*****
* ##*~~##.#*........,>***,,,,,,,,
* ****#.#*.......,*,* *,,,,,,,, *
#####.#*...,...,,,* **,,,,,,, *
#...~.##.#**#.#*###***,,,,,,,
****#.#...g..# #.#...,..,*******
,,,......{o.## ##.#.##...,,,,****
,,......~~..## #@........,,,,+,*
,,.......).g.# #)...~....,,,,*,*
,,.....!..~..###..~~~~~.~,****,*
,,.....##....(.)####~#~#~~* *,*
,,.....*#.#####.#~~~~~w~~~* *,*
,,,...,*#.* #.#~****##*** *,*
,**,*,**#.* #.#~~~~~~*~* *,*
***,*,* #.* #.#***~*~*~* *,*
***,*,* *,* #.#~~~~*~*~* *,**


You could see a worm (asleep).

Vanquished Creatures
  An adder (D:6)
  6 orcs
  A hobgoblin (D:4)
  A rat (D:4)
9 creatures vanquished.

Notes
Turn   | Place    | Note
-------+----------+-------------------------------------------
     0 | D:5      | croobank the Octopode Delver began the quest for the Orb.
     0 | D:5      | Reached XP level 1. HP: 16/16 MP: 1/1
     7 | D:6      | Reached XP level 2. HP: 17/21 MP: 2/2
   129 | D:7      | Noticed a water moccasin
   169 | D:7      | Noticed a wight
   170 | D:7      | Noticed a wight
   170 | D:7      | Noticed a wight
   432 | D:4      | Reached XP level 3. HP: 10/26 MP: 3/3
   434 | D:4      | HP: 1/26 [something (2)]
   435 | D:4      | Succumbed to an orc wizard's poison

Illustrated notes

Levels and vault maps discovered:
D:4:      layout_basic, mainiacjoe_overflow_small_starburst,
          lightli_sewer_entry_pipes, serial_rivers,
          chequers_serial_rivers_micro_c, chequers_serial_rivers_large_a,
          chequers_serial_rivers_micro_b, chequers_serial_rivers_marsh,
          chequers_serial_rivers_large_b, serial_park_tiny_2
D:5:      layout_basic, yredelemnul_forgotten_temple_becter, uniq_grinder
D:6:      layout_gridville
D:7:      layout_basic, zin_scriptorium, minitemple, minmay_temple_entry_mist,
          serial_rivers, chequers_serial_rivers_micro_e,
          chequers_serial_rivers_micro_c, chequers_serial_rivers_small_3,
          chequers_serial_rivers_marsh, minmay_hollow_rounded_squares

Action                   || total
-------------------------++-------
Melee: Hand axe          ||    19
       Constrict         ||     6
       Tentacles         ||     4
Throw: Dart              ||     6
  Use: Scroll            ||     3
       Potion            ||     2
 Stab: Sleeping          ||     2
Dodge: Dodged            ||    19
